 Dungeon Crawl Stone Soup version 0.28-a0-691-gad6df49e81 (webtiles) character file.

Game seed: 10669543631321998190

1 KoroneIsBestGirl the Caller (level 1, 0/13 HPs)
             Began as a Barachi Summoner on Oct 21, 2021.
             Slain by a ball python (3 damage)
             ... on level 1 of the Dungeon.
             The game lasted 00:01:01 (282 turns).

KoroneIsBestGirl the Caller (Barachi Summoner)       Turns: 282, Time: 00:01:01

Health: 0/13       AC: 10    Str:  9    XL:     1   Next: 20%
Magic:  0/3        EV:  1    Int: 15    God:
Gold:   0          SH:  0    Dex: 12    Spells: 3/4 levels left

rFire   . . .      SeeInvis .   (no weapon)
rCold   . . .      Faith    .   (no shield)
rNeg    . . .      Spirit   +   d - +0 shadow dragon scales
rPois   .          Reflect  .   (no helmet)
rElec   .          Harm     .   (no cloak)
rCorr   .          Rampage  .   (no gloves)
Will    .....                   (no boots)
Stlth   +++.......              c - amulet of guardian spirit
HPRegen 0.04/turn               (no ring)
MPRegen 0.08/turn               (no ring)

@: very slightly contaminated, constricted, slow
A: amphibious, slowness 1, strong legs 1, +LOS
a: Hop


You were on level 1 of the Dungeon.
You visited 1 branch of the dungeon, and saw 1 of its levels.

Inventory:

Armour
 a - a +0 robe
 d - +0 shadow dragon scales (worn)
Jewellery
 c - an amulet of guardian spirit (around neck)
Potions
 e - a potion of magic {unknown}


   Skills:
 * Level 0.2 Armour
 - Level 2.1 Dodging
 + Level 1.8 Stealth
 + Level 2.2 Spellcasting
 + Level 4.8 Summonings


You had 3 spell levels left.
You knew the following spells:

 Your Spells              Type           Power      Damage    Failure   Level
a - Summon Small Mammal   Summ           64%        N/A       98%         1

Your spell library contained the following spells:

 Spells                   Type           Power      Damage    Failure   Level
 Call Imp                 Summ           16%        N/A       99%         2
 Call Canine Familiar     Summ           16%        N/A       100%        3
 Summon Guardian Golem    Hex/Summ       8%         N/A       100%        3
 Summon Lightning Spire   Summ/Air       8%         N/A       100%        4


Dungeon Overview and Level Annotations

Branches:
Dungeon (1/15)

Altars:


Innate Abilities, Weirdness & Mutations

You are amphibious.
You cover ground slowly.
You can hop short distances.
You have an extended range of vision and can be seen from far away.


Message History

The ball python bites you but does no damage.
The ball python constricts you. The jackal barely misses you.
You closely miss the ball python.
The jackal bites you but does no damage.
The ball python bites you but does no damage.
The ball python constricts you.
The jackal bites you but does no damage.
The ball python bites you but does no damage.
The ball python constricts you.
Your shadow dragon scales prevents you from hitting the ball python.
The jackal bites you but does no damage.
The ball python bites you but does no damage.
The ball python constricts you.
You closely miss the ball python. The jackal bites you.
The ball python bites you but does no damage.
The ball python constricts you.
You closely miss the ball python.
The jackal bites you but does no damage.
The ball python bites you but does no damage.
The ball python constricts you.
The jackal bites you but does no damage.
You hit the ball python.
The ball python is moderately wounded.
The ball python bites you but does no damage.
The ball python constricts you. The jackal bites you.
You closely miss the ball python.
The ball python is moderately wounded.
The jackal bites you. The ball python completely misses you.
The ball python constricts you.
The jackal bites you but does no damage.
The ball python bites you.
* * * LOW HITPOINT WARNING * * *
The ball python constricts you.
Okay, then.
As you read the scroll labelled MOOFROI UQYOS, it crumbles to dust.
It is a scroll of brand weapon.
You aren't carrying any weapons that can be branded.
The jackal bites you but does no damage.
The ball python bites you.
You die...

###. #.# #... ... #.#
#.## ..###.## #.#
#.##...## #.#
#.#....†#######.#
#.###g##...#........#
#...hhh...#.#.#######
#####h###....## #@#
#.#### #......S.# #.#
########## #.. ###


You could see 4 jackals, a goblin and a ball python.

Vanquished Creatures
  A bat (D:1)
  A rat (D:1)
2 creatures vanquished.

Notes
Turn   | Place    | Note
-------+----------+-------------------------------------------
     0 | D:1      | KoroneIsBestGirl the Barachi Summoner began the quest for
                  | the Orb.
     0 | D:1      | Reached XP level 1. HP: 13/13 MP: 3/3
   282 | D:1      | Slain by a ball python

Illustrated notes

Levels and vault maps discovered:
D:1:      dpeg_arrival_three_same_balls, layout_loops_corners,
          hellmonk_ecumenical_altar_defaced_shrine, minmay_hexomino_p4

Action                   || total
-------------------------++-------
Melee: Unarmed           ||    48
  Use: Scroll            ||     1
Armor: Shadow dragon sca ||    70
Dodge: Dodged            ||    18

Table legend: (Time is in decaauts)
 A = Elapsed time spent in this place.
 B = Non-inter-level travel time spent in this place.
 C = Inter-level travel time spent in this place.
 D = Time resting spent in this place.
 E = Time spent auto-exploring this place.
 F = Levels seen in this place.
 G = Mean time per level.
                   A        B        C        D        E       F      G
               +--------+--------+--------+--------+--------+-----+--------+
         Total |    301 |    281 |     20 |      0 |    183 |   1 |  301.0 |
       Dungeon |    301 |    281 |     20 |      0 |    183 |   1 |  301.0 |
               +--------+--------+--------+--------+--------+-----+--------+

Top non-repeatable levels by time:
     D:1: 301 daAuts
